 Dungeon Crawl Stone Soup version 0.19.0-11-g3fc08b3 (webtiles) character file.

907774 RKaid the Ruinous (level 27, -31/165 HPs)
             Began as a Gargoyle Fighter on Nov 8, 2016.
             Was the Champion of Cheibriados.
             Annihilated by Fiwocsu the pandemonium lord (39 damage)
             ... while paralysed by Fiwocsu
             ... in Pandemonium on Nov 9, 2016.
             The game lasted 09:29:34 (92038 turns).

RKaid the Ruinous (Gargoyle Fighter)               Turns: 92038, Time: 09:29:35

Health: -31/165    AC:  0    Str: 36      XL:     27
Magic:  23/49      EV:  5    Int: 34 (35) God:    Cheibriados [******]
Gold:   1274       SH:  0    Dex: 25      Spells: 13 memorised, 9 levels left

rFire  . . .     SeeInvis .     (weapon currently unavailable)
rCold  . . .     Gourm    .     (armour currently unavailable)
rNeg   + . .     Faith    .     (shield currently unavailable)
rPois  ∞         Spirit   .     (helmet currently unavailable)
rElec  .         Reflect  .     (cloak currently unavailable)
rCorr  .         Harm     .     (gloves currently unavailable)
MR     ++...                    (boots currently unavailable)
Stlth  ++........               (amulet currently unavailable)
                                (ring currently unavailable)
                                (ring currently unavailable)

@: paralysed, porcupine-form, sap magic, flying, very slow
A: (big wings), deterioration 2, frail 1, negative energy resistance 1,
(electricity resistance), slow regeneration 1, (unbreathing), petrification
resistance, rot immunity, AC +20
a: Bend Time, Temporal Distortion, Slouch, Step From Time, Renounce Religion
}: 5/15 runes: decaying, slimy, silver, abyssal, gossamer


You were in Pandemonium.
You worshipped Cheibriados.
Cheibriados was exalted by your worship.
You were not hungry.
You were a spiny porcupine.
You visited 13 branches of the dungeon, and saw 59 of its levels.
You visited Pandemonium 4 times, and saw 6 of its levels.
You visited the Abyss 3 times.
You also visited: Labyrinth, Sewer and Ice Cave.

You collected 8505 gold pieces.
You spent 7231 gold pieces at shops.

Inventory:

Hand Weapons
 a - the +7 eveningstar "Qoless" (melded) {freeze, Int+2}
   (You acquired it on level 3 of the Lair of Beasts)

   It has been specially enchanted to freeze those struck by it, causing extra
   injury to most foes and up to half again as much damage against particularly
   susceptible opponents.
   It can also slow down cold-blooded creatures.
   It affects your intelligence (+2).
 b - the +7 flail "Eviscerator" {protect, -Tele rPois rF+++ rC++}
   (You found it on level 5 of the Pits of Slime)

   It protects the one who uses it against injury (+AC on strike).
   It renders you almost immune to fire.
   It greatly protects you from cold.
   It protects you from poison.
   It prevents most forms of teleportation.
Missiles
 N - 2 steel javelins
Armour
 h - the +2 buckler of Disguise (melded) {Str+2 Int+2}
   (You acquired it on level 2 of the Elven Halls)

   It affects your strength (+2).
   It affects your intelligence (+2).
 l - +0 gold dragon scales
   (You found it on level 5 of the Depths)
 m - a +1 helmet (melded)
   (You found it on level 3 of the Swamp)
 x - a +2 cloak of invisibility (melded)
   (You bought it in a shop on level 1 of the Elven Halls)
 A - a +2 pair of boots (melded)
   (You found it on level 3 of the Elven Halls)
 B - the +1 pair of gloves "Muon" (melded) {rF+ MP+9 Int+8}
   (You found it on level 3 of the Abyss)

   It affects your intelligence (+8).
   It protects you from fire.
   It affects your magic capacity (+9).
 P - a +2 cloak
   (You took it off a draconian scorcher on level 5 of the Realm of Zot)
 V - +8 fire dragon scales (melded)
   (You bought it in a shop on level 1 of the Orcish Mines)
 Y - the +0 leather armour of Lugonu {rC- Int+8}
   (You found it on level 5 of the Pits of Slime)

   It affects your intelligence (+8).
   It makes you vulnerable to cold.
Magical Staves
 c - an uncursed staff of conjuration {!a}
   (You found it in an ice cave)
 s - an uncursed staff of energy {+MP, hungerless spells, !d!a}
   (You found it in a labyrinth)
 w - an uncursed staff of wizardry {wiz+, !a}
   (You found it on level 5 of the Pits of Slime)
Jewellery
 p - an uncursed ring of see invisible {sInv, !d}
   (You took it off a minotaur in a labyrinth)
 r - a +4 ring of evasion
   (You found it on level 2 of the Dungeon)
 D - a +5 ring of strength
   (You took it off a mottled draconian on level 4 of the Realm of Zot)
 E - an uncursed ring of magical power {MP+9}
   (You took it off a white draconian on level 4 of the Realm of Zot)
 F - the amulet of Vitality (melded) {Regen+ HP+15}
   (You found it on level 1 of the Swamp)

   [amulet of regeneration]

   It affects your health (+15).
   It increases your rate of regeneration.
 G - the ring "Vyimes" {-Tele +Fly rN+ Int+7}
   (You found it on level 3 of the Crypt)

   [ring of positive energy]

   It affects your intelligence (+7).
   It protects you from negative energy.
   It lets you fly.
   It prevents most forms of teleportation.
 H - an uncursed amulet of magic regeneration {unknown}
   (You found it on level 5 of the Realm of Zot)
 Q - a +6 ring of slaying (melded)
   (You took it off a spriggan defender on level 4 of the Depths)
 U - an uncursed ring of protection from cold {rC+, !d}
   (You found it on level 5 of the Lair of Beasts)
 W - a ring of wizardry (melded) {Wiz+, !d}
   (You found it on level 3 of the Depths)
Wands
 J - a wand of teleportation (4/9)
   (You took it off Sonja on level 14 of the Dungeon)
 K - a wand of disintegration (10/24)
   (You found it on level 4 of the Depths)
 L - a wand of digging (0/24)
   (You found it on level 2 of the Swamp)
 R - a wand of heal wounds (6/9)
   (You found it on level 12 of the Dungeon)
Scrolls
 g - 2 scrolls of enchant weapon
 i - 20 scrolls of identify
 k - 3 scrolls of recharging
 n - 18 scrolls of remove curse
 o - 10 scrolls of fog
 y - 8 scrolls of magic mapping {!r}
 z - 10 scrolls of fear
 I - 3 scrolls of holy word {!r}
 M - 4 scrolls of teleportation
 T - 4 scrolls of blinking {!r}
Potions
 d - 7 potions of might
 e - 11 potions of curing
 j - 6 potions of invisibility
 q - 8 potions of brilliance
 t - 11 potions of agility
 u - a potion of cancellation
 C - 12 potions of lignification {!q}
 O - 4 potions of magic
 S - 5 potions of ambrosia
 X - 2 potions of resistance
Comestibles
 f - 20 bread rations
 v - 24 meat rations


   Skills:
 - Level 22.0 Fighting
 - Level 21.2 Maces & Flails
 - Level 3.3 Throwing
 - Level 23.4 Armour
 - Level 11.7 Dodging
 - Level 4.1 Shields
 * Level 22.2 Spellcasting
 * Level 23.6 Conjurations
 - Level 10.3 Charms
 - Level 3.2 Necromancy
 - Level 8.2 Translocations
 - Level 4.2 Transmutations
 + Level 22.2 Fire Magic
 - Level 6.7 Ice Magic
 - Level 7.7 Air Magic
 - Level 4.8 Earth Magic
   Level 4.4 Poison Magic
 - Level 16.7 Invocations


You had 9 spell levels left.
You knew the following spells:

 Your Spells              Type           Power        Failure   Level  Hunger
a - Magic Dart            Conj           ####         0%          1    None
b - Iron Shot             Conj/Erth      #######...   1%          6    None
c - Freezing Cloud        Conj/Ice/Air   #######...   1%          6    None
d - Fireball              Conj/Fire      ########..   0%          5    None
e - Bolt of Magma         Conj/Fire/Erth ########..   1%          5    None
f - Fire Storm            Conj/Fire      ########..   10%         9    #####..
g - Animate Skeleton      Necr           N/A          1%          1    None
A - Blink                 Tloc           N/A          1%          2    None
B - Regeneration          Chrm/Necr      ######....   1%          3    None
D - Summon Butterflies    Summ           #####...     1%          1    None
E - Deflect Missiles      Chrm/Air       #######...   2%          6    None
Q - Necromutation         Tmut/Necr      ######....   100%        8    ###....
W - Controlled Blink      Tloc           N/A          99%         8    ###....


Dungeon Overview and Level Annotations

Branches:
Dungeon (15/15)            Temple (1/1) D:5            Lair (6/6) D:10
  Swamp (4/4) Lair:2       Spider (4/4) Lair:3        Slime (5/5) Lair:5
    Orc (2/2) D:11            Elf (3/3) Orc:2        Vaults (5/5) D:14
  Crypt (3/3) Vaults:2       Tomb (0/3) Crypt:3      Depths (5/5) D:15
   Hell (1/1)                 Dis (0/7) Hell            Geh (0/7) Hell
    Coc (0/7) Hell            Tar (0/7) Hell            Zot (5/5) Depths:5

Altars:
Ashenzari
Cheibriados
Dithmenos
Elyvilon
Fedhas
Gozag
Hepliaklqana
Kikubaaqudgha
Makhleb
Nemelex Xobeh
Okawaru
Qazlal
Ru
Sif Muna
Trog
Uskayaw
Vehumet
Xom
Yredelemnul
Zin
The Shining One
Beogh
Jiyva

Shops:
D:5 ?[}%?   D:6 [   D:7 }   D:8 }   Orc:1 [   Orc:2 %*:!   Elf:1 }}=[
Vaults:4 }   Depths:2 %}:?%

Portals:
Hell: Depths:1 Depths:2 Depths:3 Depths:4 Depths:5
Abyss: Depths:4
Pandemonium: Depths:3 Depths:4
Ziggurat: Depths:5

Annotations:
Zot:5 1 exclusion


Innate Abilities, Weirdness & Mutations

You are resistant to torment.
((Your stone body is resilient. (AC +20)))
You are immune to poison.
((Your large and strong wings let you fly indefinitely.))
You resist negative energy. (rN+)
((You are resistant to electric shocks. (rElec)))
((You can survive without breathing.))
You are immune to petrification.
You are immune to rotting.
Your body often deteriorates upon taking damage.
You are frail. (-10% HP)
You regenerate slowly when monsters are visible.


Message History

A sun demon comes into view.
You see here a vampiric demon whip {!w}.
The gelid warmonger shoots an arrow.
The arrow completely misses you.
The red devil hits you but does no damage. x2
A sun demon comes into view.
The red devil hops backward while attacking.
The red devil hits you but does no damage.
The sun demon completely misses you.
You see here an arrow.
You hit the sun demon. You freeze the sun demon.
The red devil barely misses you.
The sun demon hits you but does no damage.
You hit the sun demon but do no damage. You block the sun demon's attack.
The red devil hits you but does no damage.
Fiwocsu comes into view.
You barely miss the gelid warmonger.
Fiwocsu moves out of view.
The gelid warmonger unwields an uncursed longbow of freezing.
The gelid warmonger wields an uncursed enchanted great sword.
The gelid warmonger hits you but does no damage.
You sock the sun demon! You freeze the sun demon.
The sun demon hits you but does no damage.
The red devil misses you.
You flatten the gelid warmonger like a pancake!!!
The sun demon closely misses you.
The gelid warmonger calls down the wrath of its god upon you.
Your magic feels tainted.
Press: ? - help, v - describe, . - travel
Here: Fiwocsu The floor.
Casting: Iron Shot
Confirm with . or Enter, or press ? or * to list all spells.
Aiming: Fire Storm
Press: ? - help, Dir - move target cursor A raging storm of fire appears!
The great blast of fire engulfs Fiwocsu.
Fiwocsu partially resists.
The great blast of fire engulfs the sun demon.
The sun demon partially resists.
Fiwocsu is engulfed in roaring flames.
The red devil completely misses you. The gelid warmonger misses you.
You barely miss Fiwocsu. The red devil misses you.
Your fire vortex barely misses the sun demon.
Fiwocsu hits you!
A red devil comes into view. It is wielding a trident.
You completely miss Fiwocsu. The gelid warmonger misses you.
The red devil hits your fire vortex with a trident!
Your fire vortex hits the sun demon.
The red devil hits you from afar with a trident.
You block Fiwocsu's attack.
You puncture Fiwocsu! You freeze Fiwocsu. Fiwocsu hits you but does no damage.
You thump Fiwocsu! You freeze Fiwocsu. The gelid warmonger barely misses you.
You block the red devil's attack. Fiwocsu hits you!!
You miss Fiwocsu. You block the red devil's attack. Fiwocsu hits you!!
The gelid warmonger hits you but does no damage.
You completely miss Fiwocsu. Fiwocsu hits you but does no damage.
You feel much better.
You completely miss Fiwocsu. The red devil completely misses you.
The gelid warmonger hits you but does no damage.
You completely miss Fiwocsu. Fiwocsu hits you! The red devil misses you.
You impale Fiwocsu!! You freeze Fiwocsu. Fiwocsu completely misses you.
The red devil hits you but does no damage.
The gelid warmonger hits you with an uncursed enchanted great sword!
You crush the gelid warmonger like a grape!!!
Fiwocsu gestures at you.
You suddenly lose the ability to move!
The red devil hits you but does no damage. x2
Fiwocsu hits you but does no damage.
You turn into a spiny porcupine.
The +7 eveningstar "Qoless" {freeze, Int+2} melds into your body.
Your +2 cloak of invisibility melds into your body.
Your +1 helmet melds into your body.
The +1 pair of gloves "Muon" {rF+ MP+9 Int+8} melds into your body.
Your +2 pair of boots melds into your body.
The +2 buckler of Disguise {Str+2 Int+2} melds into your body.
Your +8 fire dragon scales melds into your body.
Your +6 ring of slaying melds into your body.
Your ring of wizardry {Wiz+, !d} melds into your body.
The amulet of Vitality {Regen+ HP+15} melds into your body.
The +7 eveningstar "Qoless" {freeze, Int+2} stops glowing.
The gelid warmonger calls down the wrath of its god upon you.
Your magic feels more tainted.
The red devil hits you from afar with a trident.
Fiwocsu gestures.
The red devil hits you from afar with a trident!
Fiwocsu gestures at you.
You shrug off the repeated paralysis!
The gelid warmonger calls down the wrath of its god upon you.
Your magic feels more tainted.
The red devil hits you from afar with a trident!
Your body deteriorates!
You feel dopey.
The red devil hits you from afar with a trident!
Fiwocsu is struck by your spines. Fiwocsu hits you!!!
* * * LOW HITPOINT WARNING * * *
You feel your power leaking away.
The gelid warmonger calls down the wrath of its god upon you.
Your magic feels more tainted.
The red devil hits you from afar with a trident!
* * * LOW HITPOINT WARNING * * *
Your fire vortex hits the butterfly.
The butterfly dies!
Fiwocsu is struck by your spines. Fiwocsu hits you!!!
You die...

.#####..#######
................
###.....[......####
#...........##.# #
#b.######...##.# # #..#
#...##.# # #.4#
#...##.# # #b.#
#...##.# . #br#
#...##.# ##.
#6&######...##.#
.'..##334....#.[.##.#
#.......b.......##.####
#..b...b...............
#...v...)..†...........
#..##...#####.####.####
.'.b #...# #.# #.....
##. #...# #.# #####.


You could see Fiwocsu, a gelid warmonger, 2 sun demons, 2 red devils and a
friendly fire vortex.

Vanquished Creatures
  the Royal Jelly (Slime:5)
  4 ancient liches
  4 orbs of fire
  The ghost of Gottschkopf the Hoplite, a legendary MiFi of the Shining One (Slime:5)
  3 juggernauts
  The ghost of IcyTea the End of an Era, a legendary GrFi of Qazlal (Depths:2)
  Frederick (Depths:3)
  Geryon (Hell)
  3 curse toes
  5 caustic shrikes (Depths:4)
  Nikola (Swamp:3)
  A Killer Klown (Zot:5)
  9 golden dragons
  4 pandemonium lords (Pan)
  12 bone dragons
  Arachne (Spider:2)
  Jorgrun (Depths:4)
  5 Brimstone Fiends (Pan)
  2 Hell Sentinels (Pan)
  6 Ice Fiends
  4 electric golems
  12 liches
  31 tentacled monstrosities
  An Orb Guardian (Zot:5)
  10 quicksilver dragons
  3 titans
  3 deep elf blademasters
  25 acid blobs
  Frances (Spider:2)
  2 deep elf master archers (Elf:3)
  10 Executioners (Pan)
  11 sphinxes
  11 death cobs
  4 ancient champions
  16 tentacled starspawn
  The ghost of Gargoyl the Corrupter of Planes, an adept DsAK of Lugonu (Vaults:1)
  Kirke (Swamp:2)
  14 storm dragons
  12 shadow dragons
  Donald (Vaults:2)
  2 thorn hunters
  A daeva (Abyss:3)
  12 tengu reavers
  9 draconian monks
  5 revenants
  11 fire giants
  11 azure jellies
  An iron dragon (Depths:4)
  2 orc warlords (Orc:2)
  12 vault wardens
  15 frost giants
  6 emperor scorpions
  8 warmongers (Pan)
  10 draconian knights
  8 draconian scorchers
  Louise (Swamp:3)
  10 balrugs
  13 deep elf sorcerers
  9 ghost moths
  8 draconian shifters
  3 cacodemons
  8 draconian zealots
  An angel (Abyss:3)
  4 curse skulls
  9 ghouls
  4 spriggan defenders
  8 deep elf elementalists
  19 very ugly things
  19 ironheart preservers
  9 draconian annihilators
  5 draconian callers
  The ghost of SaltIsReal the Severer, a journeyman DsGl of Makhleb (Lair:6)
  10 war gargoyles
  34 stone giants
  2 blood saints (Pan)
  13 reapers
  9 entropy weavers
  2 ophanim (Abyss:3)
  10 deep elf annihilators
  4 black suns (Pan)
  9 vampire knights
  17 black draconians
  10 lorocyprocas
  10 green draconians
  7 spark wasps
  14 red draconians
  79 large abominations
  A dire elephant (D:15)
  Azrael (D:14)
  4 deep elf demonologists
  7 corrupters (Pan)
  12 purple draconians
  14 yellow draconians
  20 white draconians
  The ghost of Apert the Basher, a journeyman HOFi of the Shining One (D:11)
  10 mottled draconians
  7 deep elf death magi
  4 eidola
  15 ettins
  12 blizzard demons
  4 crystal guardians
  7 green deaths
  A minotaur (Lab)
  10 deep elf high priests
  15 jiangshi
  A minotaur (shapeshifter) (Vaults:5)
  14 yaktaur captains
  5 death oozes
  14 fire dragons
  27 ogre magi
  A quicksilver dragon skeleton (Vaults:5)
  20 great orbs of eyes
  16 rakshasas
  3 monstrous demonspawn (Pan)
  2 kraken zombies (Hell)
  A merfolk avatar (Lair:6)
  29 vault guards
  29 hydras
  Erolcha (D:9)
  14 ice dragons
  The ghost of Banto the Spry, a journeyman DEFE of Vehumet (Lair:1)
  3 ghost crabs
  3 spriggan air magi (Depths:3)
  19 centaur warriors
  A catoblepas (Lair:3)
  3 hell beasts (Pan)
  40 dancing weapons
  11 deep troll shamans
  8 death knights
  4 alligators
  A hell hog (Abyss:3)
  4 tengu warriors
  11 deep troll earth magi
  Urug (D:14)
  11 vampire magi
  2 orc high priests
  A titan zombie (Crypt:3)
  2 storm dragon zombies
  Sonja (D:14)
  26 thrashing horrors
  21 hell knights
  36 deep elf knights
  8 spriggan berserkers
  The ghost of MirrMurr the Unseen, a journeyman SpEn of Ashenzari (Swamp:1)
  28 sun demons
  26 wretched stars
  A shock serpent (shapeshifter) (Vaults:4)
  29 soul eaters
  33 skeletal warriors
  A fire crab (shapeshifter) (Depths:3)
  A death drake (shapeshifter) (D:15)
  A death drake (Abyss:3)
  9 sixfirhies
  2 spriggan druids
  A deep troll (shapeshifter) (Vaults:1)
  33 deep trolls
  A sea snake (Lair:6)
  A glowing orange brain (shapeshifter) (Depths:4)
  5 unseen horrors
  5 gelid demonspawn (Pan)
  8 spatial maelstroms
  A golden dragon zombie (Depths:3)
  3 iron trolls
  4 torturous demonspawn
  8 shadow wraiths
  11 swamp dragons
  6 glowing orange brains
  11 flayed ghosts
  3 shambling mangroves
  2 spark wasp zombies
  3 infernal demonspawn (Pan)
  7 hill giants
  10 wizards
  30 deep elf archers
  4 shadow dragon zombies
  An obsidian statue (D:15)
  13 ironbrand convokers
  An anaconda zombie (Hell)
  8 shadow demons
  A lindwurm (Swamp:4)
  17 phantasmal warriors
  22 harpies
  An anaconda skeleton (Abyss:3)
  A lindwurm (shapeshifter) (Depths:3)
  A mana viper (shapeshifter) (Depths:3)
  22 necromancers
  25 orb spiders
  14 wolf spider zombies
  19 orc knights
  100 deep elf magi
  2 frost giant zombies
  2 tengu skeletons
  An iron dragon zombie (Abyss:3)
  40 wolf spiders
  A shining eye (shapeshifter) (Vaults:5)
  50 ugly things
  5 fire giant zombies
  4 stone giant zombies
  4 shining eyes
  2 shadow dragon skeletons
  A cyclops (shapeshifter) (Depths:2)
  4 orc sorcerers
  5 cyclopes
  2 iron dragon skeletons
  3 frost giant skeletons
  10 worldbinders
  2 salamanders (Depths:3)
  12 manticores
  A naga mage (D:15)
  29 moths of wrath
  A faun (shapeshifter) (Vaults:2)
  A moth of wrath (shapeshifter) (Depths:2)
  An apocalypse crab (Abyss:3)
  A guardian serpent (Abyss:3)
  2 black mambas
  20 vault sentinels
  3 human skeletons
  A stone giant skeleton (Crypt:2)
  A water nymph (Abyss:3)
  13 elephants (Lair:6)
  A black mamba (shapeshifter) (Depths:4)
  8 orange demons
  A fire giant skeleton (Depths:2)
  A guardian serpent (shapeshifter) (Vaults:5)
  3 eyes of devastation
  An elf skeleton (Depths:3)
  A gargoyle (D:11)
  5 centaur skeletons
  A death yak zombie (Crypt:2)
  5 ice statues
  49 smoke demons
  A kobold demonologist (D:13)
  A komodo dragon (shapeshifter) (Vaults:3)
  18 spiny frogs
  A pale draconian zombie (Crypt:1)
  45 small abominations
  6 hellions
  35 yaktaurs
  4 efreet
  A yaktaur (shapeshifter) (Vaults:4)
  2 rime drakes (Lair:6)
  14 komodo dragons
  A rime drake (shapeshifter) (Vaults:4)
  5 tormentors
  15 freezing wraiths
  5 anaconda simulacra (IceCv)
  18 ice devils
  11 red devils
  25 demonic crawlers
  7 redback zombies (Spider:3)
  6 tengu conjurers
  A purple draconian skeleton (Crypt:2)
  2 hydra zombies
  8 hellwings
  4 tyrant leeches
  2 queen bees (shapeshifter)
  A troll (shapeshifter) (Vaults:1)
  A wind drake (shapeshifter) (Vaults:4)
  A silent spectre (Abyss:3)
  A jumping spider (shapeshifter) (D:15)
  24 ancient zymes
  A golden dragon simulacrum (Depths:3)
  2 meliai (shapeshifter)
  10 trolls
  5 polar bears (Lair:6)
  A wind drake (Lair:6)
  37 jumping spiders
  A tengu simulacrum (Vaults:5)
  A hornet (shapeshifter) (Depths:5)
  19 hornets
  A polar bear (shapeshifter) (Abyss:3)
  10 tarantella zombies (Spider:3)
  A two-headed ogre (shapeshifter) (Depths:5)
  36 blink frogs
  A deep troll zombie (Hell)
  4 ettin zombies
  118 slime creatures
  An alligator zombie (Hell)
  41 two-headed ogres
  9 hippogriffs
  2 spriggan zombies (Hell)
  42 raiju
  A fire dragon zombie (Crypt:3)
  6 bog bodies
  2 hippogriffs (shapeshifter)
  80 redbacks
  37 flying skulls
  4 dire elephant simulacra
  23 ynoxinuls
  3 ice dragon skeletons (Crypt:3)
  A satyr skeleton (Crypt:1)
  5 shadows
  12 air elementals
  37 tarantellas
  4 wyverns
  3 ettin skeletons
  5 spriggans
  A spriggan skeleton (Depths:2)
  A wyvern (shapeshifter) (Depths:4)
  8 water elementals
  15 wraiths
  3 fire bats (Abyss:3)
  21 yaks
  36 chaos spawn
  A hog (Swamp:3)
  2 golden eyes (Slime:4)
  2 human simulacra
  13 neqoxecs
  19 fire elementals
  A golden eye (shapeshifter) (Vaults:5)
  5 basilisks
  A steam dragon (D:8)
  5 hungry ghosts
  11 vampire mosquitoes (Swamp:4)
  2 spatial vortices (Abyss:3)
  A harpy simulacrum (IceCv)
  2 iron troll simulacra (IceCv)
  A death yak simulacrum (IceCv)
  2 human zombies
  A hill giant skeleton (Crypt:1)
  11 insubstantial wisps
  10 water moccasins
  11 wargs
  21 swamp worms
  3 floating eyes
  6 hell hounds
  6 hydra simulacra
  A minotaur simulacrum (Hell)
  13 porcupines
  A spiny frog zombie (Hell)
  A floating eye (shapeshifter) (Depths:4)
  A black bear (shapeshifter) (Depths:3)
  65 orc warriors
  3 sky beasts
  15 swamp drakes
  An ice beast (shapeshifter) (Depths:5)
  A swamp dragon zombie (Abyss:3)
  An eye of draining (shapeshifter) (Abyss:4)
  2 ettin simulacra (IceCv)
  10 ice beasts
  2 black bears
  9 eyes of draining
  A hornet zombie (Crypt:1)
  83 ogres
  4 wolves (Lair:2)
  3 phantoms
  2 snapping turtle skeletons
  5 boggarts
  6 necrophages
  29 crocodiles
  10 big kobolds
  15 centaurs
  A torpor snail zombie (Crypt:2)
  A draconian zombie (Crypt:1)
  A crocodile (shapeshifter) (Abyss:3)
  5 earth elementals
  A gnoll sergeant (D:5)
  21 bullfrogs
  A wyvern zombie (D:14)
  2 elf simulacra
  2 water moccasin zombies
  A deep troll simulacrum (Vaults:4)
  A wyvern skeleton (D:11)
  6 scorpions
  A raiju skeleton (Crypt:2)
  8 wights
  12 electric eels
  5 howler monkeys
  4 centaur zombies
  7 crimson imps
  2 bullfrog zombies
  124 starcursed masses
  8 quasits
  A draconian simulacrum (IceCv)
  6 hounds
  4 jellies
  5 bullfrog skeletons
  16 orc priests
  2 iron imps (Abyss:3)
  39 orc wizards
  16 hell rats
  11 iguanas
  A polar bear simulacrum (IceCv)
  A spriggan simulacrum (IceCv)
  10 worker ants
  2 wolf simulacra (IceCv)
  2 troll simulacra (IceCv)
  A killer bee zombie (D:8)
  An ogre skeleton (Crypt:1)
  A naga skeleton (Abyss:3)
  A hound skeleton (D:4)
  A hound zombie (D:11)
  A howler monkey zombie (D:10)
  6 gnolls
  20 river rats
  19 adders
  2 naga simulacra (IceCv)
  An ogre simulacrum (IceCv)
  7 shadow imps
  11 white imps
  13 ufetubi
  2 oozes (Lair:5)
  An adder zombie (D:8)
  A lava snake zombie (Crypt:2)
  3 adder skeletons
  6 worms
  3 dart slugs
  11 leopard geckos
  144 orcs
  5 ball pythons
  11 bats
  A bat zombie (D:4)
  4 giant cockroaches
  5 hobgoblins
  7 jackals
  11 quokkas
  14 frilled lizards
  7 goblins
  36 kobolds
  40 rats
  A briar patch (Swamp:4)
  2 bushes
  2 crawling corpses (Elf:3)
  A demonic plant (Pan)
  A fungus (Lair:5)
  2 lurking horrors
  19 starspawn tentacles
  3 tentacles (Hell)
4184 creatures vanquished.

Vanquished Creatures (others)
  An eldritch tentacle (Abyss:4)
  A fire giant (Depths:3)
  A caustic shrike skeleton (Depths:4)
  A lorocyproca (Pan)
  An ogre mage (Vaults:1)
  2 deep elf knights
  A wizard (Depths:4)
  A necromancer (Depths:3)
  2 lindwurms (Swamp:4)
  2 deep elf magi
  2 worldbinders (Abyss:3)
  An apocalypse crab (Abyss:3)
  A large abomination (Abyss:5)
  A red devil (Pan)
  A meliai (shapeshifter) (Abyss:3)
  A bog body (Swamp:3)
  A redback (Spider:4)
  A ynoxinul (Abyss:3)
  A fire bat (Abyss:4)
  A water elemental (Depths:3)
  A neqoxec (Abyss:3)
  2 chaos spawn (Pan)
  A spatial vortex (Abyss:4)
  5 hydra simulacra (Depths:3)
  A swamp drake (Swamp:4)
  2 boggarts
  An ogre (Vaults:4)
  An earth elemental (Elf:3)
  A white imp (Abyss:3)
  3 orcs
  A briar patch (Swamp:4)
  A bush (Elf:1)
  3 demonic plants (Pan)
  7 fire vortices (Pan)
  6 fungi
  2 lurking horrors
  46 plants
  48 starspawn tentacles
  8 tentacles (Hell)
164 creatures vanquished.

Grand Total: 4348 creatures vanquished

Notes
Turn   | Place    | Note
-------+----------+-------------------------------------------
     0 | D:1      | RKaid the Gargoyle Fighter began the quest for the Orb.
     0 | D:1      | Reached XP level 1. HP: 14/14 MP: 1/1
   206 | D:1      | Reached XP level 2. HP: 19/19 MP: 2/2
   553 | D:1      | Reached skill level 4 in Shields
   553 | D:1      | Reached XP level 3. HP: 15/23 MP: 3/3
  1266 | D:2      | Reached skill level 3 in Maces & Flails
  1473 | D:2      | Reached XP level 4. HP: 28/28 MP: 4/4
  1749 | D:3      | Reached skill level 4 in Fighting
  1823 | D:3      | Reached XP level 5. HP: 12/33 MP: 5/5
  2666 | D:4      | Found a hazy altar of Hepliaklqana.
  2666 | D:4      | Found an iron altar of Okawaru.
  2747 | D:4      | Reached skill level 4 in Maces & Flails
  2772 | D:4      | Reached skill level 5 in Fighting
  2791 | D:4      | Noticed an ogre
  2822 | D:4      | Killed an ogre
  2822 | D:4      | Reached XP level 6. HP: 13/40 MP: 6/6
  2834 | D:4      | HP: 10/40 [worker ant (2)]
  3130 | D:4      | Reached skill level 5 in Maces & Flails
  3223 | D:4      | Reached skill level 6 in Fighting
  3223 | D:4      | Reached XP level 7. HP: 24/46 MP: 7/7
  3773 | D:4      | Found an ancient bone altar of Kikubaaqudgha.
  4121 | D:5      | Entered Level 5 of the Dungeon
  4137 | D:5      | Found Utir Buf's Gadget Boutique.
  4356 | D:5      | Found a glowing drain.
  4360 | Sewer    | Entered a sewer
  4401 | Sewer    | Reached skill level 6 in Maces & Flails
  4477 | Sewer    | Reached skill level 7 in Fighting
  4680 | Sewer    | Reached XP level 8. HP: 32/53 MP: 8/8
  5147 | Sewer    | Reached skill level 7 in Maces & Flails
  5468 | D:5      | HP: 13/53 [something/magic dart (8)]
  5648 | D:5      | Found Hockuoc's Food Boutique.
  5652 | D:5      | Found Eteles's Armour Boutique.
  5652 | D:5      | Found Teoforaiwk's Magic Scroll Boutique.
  5762 | D:5      | Bought a scroll of teleportation for 36 gold pieces
  5762 | D:5      | Bought a scroll of magic mapping for 42 gold pieces
  5762 | D:5      | Bought a scroll of fear for 42 gold pieces
  5795 | D:5      | Bought a +0 buckler for 49 gold pieces
  5876 | D:5      | Reached skill level 8 in Maces & Flails
  5889 | D:5      | Found Sanaw's Magic Scroll Shoppe.
  6120 | D:5      | Found a snail-covered altar of Cheibriados.
  6125 | D:5      | Became a worshipper of Cheibriados the Contemplative
  6146 | D:5      | Found a staircase to the Ecumenical Temple.
  6179 | Temple   | Entered the Ecumenical Temple
  6496 | D:5      | Found a stormy altar of Qazlal.
  6581 | D:5      | Reached skill level 9 in Maces & Flails
  6682 | D:5      | Found a deep blue altar of Sif Muna.
  6905 | D:6      | Reached XP level 9. HP: 57/57 MP: 9/9
  7149 | D:6      | Found Yghedill's Armour Shoppe.
  7459 | D:7      | HP: 7/57 [orc warrior/halberd (9)]
  7478 | D:7      | HP: 7/57 [orc warrior/halberd (13)]
  7894 | D:7      | Found Wali's Gadget Shoppe.
  7931 | D:7      | Reached * piety under Cheibriados
  7931 | D:7      | Reached skill level 10 in Maces & Flails
  8527 | D:8      | Found Eqautow's Gadget Emporium.
  8546 | D:8      | Noticed a troll
  8564 | D:8      | Killed a troll
  8564 | D:8      | Reached skill level 11 in Maces & Flails
  8620 | D:8      | Got an ichor-stained scale mail
  8631 | D:8      | Identified the +4 scale mail of Qef Nuyd {-Cast rPois Dex+10 Slay-3} (You found it on level 8 of the Dungeon)
  9004 | D:8      | Found a sparkling altar of Nemelex Xobeh.
  9081 | D:8      | Reached ** piety under Cheibriados
  9134 | D:8      | Reached skill level 12 in Maces & Flails
  9256 | D:8      | Reached XP level 10. HP: 63/63 MP: 10/10
  9284 | D:8      | Reached skill level 4 in Armour
  9335 | D:8      | Reached skill level 5 in Armour
  9788 | D:9      | Noticed Erolcha
  9973 | D:8      | Reached skill level 6 in Armour
 10068 | D:9      | Reached *** piety under Cheibriados
 10290 | D:9      | Found a glowing golden altar of the Shining One.
 10367 | D:9      | Reached skill level 7 in Armour
 10415 | D:9      | Reached skill level 8 in Armour
 10611 | D:9      | Reached **** piety under Cheibriados
 10802 | D:10     | Entered Level 10 of the Dungeon
 11008 | D:10     | Noticed a hill giant
 11028 | D:10     | Killed a hill giant
 11028 | D:10     | Reached skill level 9 in Armour
 11290 | D:10     | Reached skill level 10 in Armour
 11343 | D:10     | HP: 14/63 [electric eel/bolt of electricity (3)]
 11525 | D:10     | Reached XP level 11. HP: 54/67 MP: 11/11
 11667 | D:10     | Found a staircase to the Lair.
 11777 | D:10     | Reached skill level 1 in Dodging
 12054 | D:10     | Gained mutation: You are partially covered in molten scales. (AC +2) [potion of beneficial mutation]
 12174 | D:10     | Noticed a hill giant
 12191 | D:10     | Killed a hill giant
 12191 | D:10     | Reached skill level 8 in Fighting
 12191 | D:10     | Reached skill level 2 in Dodging
 12237 | Lair:1   | Entered Level 1 of the Lair of Beasts
 12327 | Lair:1   | Reached ***** piety under Cheibriados
 12343 | Lair:1   | Noticed an eight-headed hydra
 12362 | Lair:1   | Killed an eight-headed hydra
 12362 | Lair:1   | Reached skill level 3 in Dodging
 12599 | Lair:1   | Reached skill level 9 in Fighting
 12766 | Lair:1   | Reached skill level 4 in Dodging
 13235 | Lair:1   | Noticed Banto's ghost (journeyman DEFE)
 13428 | Lair:1   | Reached skill level 5 in Dodging
 13615 | Lair:1   | HP: 17/72 [burnt (13)]
 13616 | Lair:1   | HP: 6/72 [burnt (11)]
 13703 | Lair:1   | Reached skill level 10 in Fighting
 13951 | Lair:2   | Reached skill level 1 in Invocations
 14055 | Lair:2   | Reached skill level 2 in Invocations
 14083 | Lair:2   | Reached XP level 12. HP: 66/78 MP: 13/13
 14116 | Lair:2   | Reached skill level 3 in Invocations
 14467 | Lair:2   | Reached skill level 4 in Invocations
 14494 | Lair:2   | Reached skill level 11 in Fighting
 14497 | Lair:2   | Found a staircase to the Swamp.
 14720 | Lair:2   | Reached ****** piety under Cheibriados
 14939 | Lair:2   | Reached skill level 5 in Invocations
 15062 | Lair:1   | Killed Banto's ghost
 15274 | Lair:3   | Found a hole to the Spider Nest.
 15303 | Lair:3   | Learned a level 1 spell: Magic Dart
 15312 | Lair:3   | Noticed a four-headed hydra
 15319 | Lair:3   | Killed a four-headed hydra
 15319 | Lair:3   | Reached skill level 6 in Invocations
 15353 | Lair:3   | Identified a scroll of acquirement
 15354 | Lair:3   | Got a faintly glowing eveningstar
 15355 | Lair:3   | Identified the +7 eveningstar "Qoless" {freeze, Int+2} (You acquired it on level 3 of the Lair of Beasts)
 15384 | Lair:3   | Noticed a five-headed hydra
 15396 | Lair:3   | Killed a five-headed hydra
 15540 | Lair:3   | Reached skill level 12 in Fighting
 15579 | Lair:3   | Reached skill level 7 in Invocations
 15974 | Lair:3   | Noticed a catoblepas
 15977 | Lair:3   | Killed a catoblepas
 16337 | Lair:4   | Reached skill level 8 in Invocations
 16408 | Lair:4   | Reached XP level 13. HP: 87/87 MP: 19/19
 16625 | Lair:4   | Reached skill level 13 in Fighting
 17037 | Lair:4   | Reached skill level 9 in Invocations
 17812 | Lair:5   | Found a runed door.
 17813 | Lair:5   | Found a viscous altar of Jiyva.
 17841 | Lair:5   | Found a staircase to the Slime Pits.
 17972 | Lair:5   | Got a crystal hand axe
 18407 | Lair:1   | Identified the +5 hand axe "Yhygack" {flame, +Blink Str+5 Dex+3} (You found it on level 5 of the Lair of Beasts)
 18419 | Lair:1   | Learned a level 3 spell: Mephitic Cloud
 18425 | Lair:1   | Learned a level 5 spell: Iskenderun's Battlesphere
 18530 | Lair:6   | Entered Level 6 of the Lair of Beasts
 18678 | Lair:6   | Reached skill level 13 in Maces & Flails
 18810 | Lair:6   | Noticed SaltIsReal's ghost (journeyman DsGl)
 18832 | Lair:6   | Killed SaltIsReal's ghost
 18832 | Lair:6   | Reached skill level 14 in Maces & Flails
 18832 | Lair:6   | Gained mutation: Your large and strong wings let you fly indefinitely. [Gargoyle growth]
 18832 | Lair:6   | Reached XP level 14. HP: 43/95 MP: 21/21
 19056 | Lair:6   | Reached skill level 15 in Maces & Flails
 19475 | Lair:6   | Got a transparent great sword
 19645 | Lair:1   | Learned a level 1 spell: Summon Butterflies
 19848 | D:11     | Found a staircase to the Orcish Mines.
 19976 | D:11     | Found a shimmering altar of Xom.
 20060 | D:11     | Noticed Apert's ghost (journeyman HOFi)
 20066 | D:11     | Killed Apert's ghost
 20176 | D:12     | Reached skill level 16 in Maces & Flails
 20789 | Orc:1    | Entered Level 1 of the Orcish Mines
 20789 | Orc:1    | Found Xusapeqa's Antique Armour Emporium.
 20834 | Orc:1    | Bought a pair of bloodstained boots for 228 gold pieces
 20844 | Orc:1    | Identified the cursed +0 pair of boots "Jauzulu" {-Tele rF+ Int+3} (You bought it in a shop on level 1 of the Orcish Mines)
 21015 | Orc:2    | Entered Level 2 of the Orcish Mines
 21015 | Orc:2    | Found a staircase to the Elven Halls.
 21139 | Orc:2    | Reached skill level 1 in Conjurations
 21159 | Orc:2    | Reached skill level 1 in Spellcasting
 21159 | Orc:2    | Reached skill level 1 in Poison Magic
 21164 | Orc:2    | Reached skill level 2 in Conjurations
 21188 | Orc:2    | Noticed an orc warlord
 21192 | Orc:2    | Noticed an orc warlord
 21194 | Orc:2    | Found a roughly hewn altar of Beogh.
 21200 | Orc:2    | Reached skill level 1 in Air Magic
 21217 | Orc:2    | Reached XP level 15. HP: 40/100 MP: 22/22
 21228 | Orc:2    | HP: 25/100 [orc warrior/trident (21)]
 21247 | Orc:2    | Reached skill level 3 in Conjurations
 21280 | Orc:2    | Reached skill level 2 in Spellcasting
 21458 | Orc:2    | Found Nuwnuon's Food Shoppe.
 21458 | Orc:2    | Found Veno's Assorted Antiques.
 21487 | Orc:2    | Killed an orc warlord
 21487 | Orc:2    | Reached skill level 2 in Poison Magic
 21500 | Orc:2    | Reached skill level 4 in Conjurations
 21539 | Orc:2    | Killed an orc warlord
 21541 | Orc:2    | Reached skill level 2 in Air Magic
 21639 | Orc:2    | Reached skill level 3 in Spellcasting
 21639 | Orc:2    | Reached skill level 3 in Poison Magic
 21702 | Orc:2    | Found Jaerat's Book Shoppe.
 21702 | Orc:2    | Found Boumya's Distillery.
 21811 | Orc:2    | Found a roughly hewn altar of Beogh.
 22320 | D:13     | Reached skill level 5 in Conjurations
 22460 | D:13     | Reached skill level 3 in Air Magic
 23116 | Orc:1    | Bought a glowing scale mail for 240 gold pieces
 23141 | D:11     | You are sucked into a shaft!
 23220 | D:14     | Noticed Sonja
 23223 | D:14     | Killed Sonja
 23531 | D:14     | Reached skill level 4 in Poison Magic
 23541 | D:14     | Reached skill level 4 in Spellcasting
 23650 | D:14     | Found a gate to the Vaults.
 23717 | D:14     | Noticed Azrael
 23725 | D:14     | Noticed Urug
 23726 | D:14     | Upgraded the game from 0.19.0-9-gfd783f2 to 0.19.0-11-g3fc08b3
 23739 | D:14     | Killed Urug
 23949 | Spider:1 | Entered Level 1 of the Spider Nest
 24302 | Spider:1 | Reached skill level 1 in Throwing
 24477 | Spider:2 | Killed a ghost moth
 24477 | Spider:2 | Reached skill level 11 in Armour
 24484 | Spider:2 | Reached skill level 2 in Throwing
 24871 | Lair:1   | Learned a level 4 spell: Iskenderun's Mystic Blast
 25042 | Spider:2 | Reached skill level 3 in Throwing
 25054 | Spider:2 | Noticed Arachne
 25064 | Spider:2 | HP: 22/100 [wolf spider (12)]
 25099 | Spider:1 | Reached skill level 5 in Spellcasting
 25278 | Swamp:1  | Entered Level 1 of the Swamp
 25321 | Swamp:1  | Reached XP level 16. HP: 105/105 MP: 23/23
 25362 | Swamp:1  | Noticed MirrMurr's ghost (journeyman SpEn)
 25375 | Swamp:1  | Killed MirrMurr's ghost
 25746 | Swamp:1  | Found a runed door.
 25746 | Swamp:1  | Noticed a tentacled monstrosity
 25838 | Swamp:1  | Killed a tentacled monstrosity
 25838 | Swamp:1  | Reached skill level 12 in Armour
 25858 | Swamp:1  | Learned a level 3 spell: Conjure Flame
 26235 | Swamp:2  | Got a translucent great mace
 26236 | Swamp:2  | Identified the cursed +1 great mace of Hilutite {flame, Dex+5} (You found it on level 2 of the Swamp)
 26269 | Swamp:2  | Reached skill level 6 in Spellcasting
 26653 | Swamp:3  | Noticed Nikola
 26663 | Swamp:3  | Killed Nikola
 26663 | Swamp:3  | Reached skill level 13 in Armour
 26780 | Swamp:3  | Noticed Kirke
 26806 | Swamp:3  | Noticed a sphinx
 26823 | Swamp:2  | HP: 22/120 [something (18)]
 26823 | Swamp:2  | HP: 6/120 [something (16)]
 26832 | Swamp:2  | Killed Kirke
 27034 | Swamp:3  | Noticed a thorn hunter
 27045 | Swamp:3  | Killed a thorn hunter
 27165 | Swamp:3  | Noticed Louise
 27175 | Swamp:3  | Killed Louise
 27518 | Orc:1    | Bought glowing fire dragon scales for 1584 gold pieces
 27720 | D:14     | Killed Azrael
 27720 | D:14     | Reached skill level 7 in Spellcasting
 27989 | D:15     | Entered Level 15 of the Dungeon
 28139 | D:15     | Found a labyrinth entrance.
 28158 | D:15     | Reached skill level 14 in Armour
 28182 | Lab      | Entered a labyrinth
 28391 | Lab      | Identified the Grimoire of Icy Fire
 28396 | Lab      | Identified a +7 rod of clouds (11/11) (You found it in a labyrinth)
 28397 | Lab      | Identified a +2 rod of shadows (8/13) (You took it off a minotaur in a labyrinth)
 28533 | D:15     | Reached skill level 1 in Fire Magic
 28628 | D:15     | Found a shadowy altar of Dithmenos.
 28631 | D:15     | Reached skill level 2 in Fire Magic
 28927 | D:15     | Reached skill level 8 in Spellcasting
 28930 | D:15     | Reached skill level 3 in Fire Magic
 28959 | D:15     | Reached XP level 17. HP: 109/110 MP: 23/29
 28981 | D:15     | Found a staircase to the Depths.
 29436 | D:9      | Killed Erolcha
 29506 | Lair:1   | Learned a level 5 spell: Fireball
 29671 | Spider:2 | Reached skill level 6 in Conjurations
 29672 | Spider:2 | Reached skill level 1 in Charms
 30065 | Spider:1 | Reached skill level 2 in Charms
 30309 | Spider:2 | Reached skill level 7 in Conjurations
 30344 | Spider:2 | Killed Arachne
 30424 | Spider:2 | Reached skill level 15 in Armour
 30433 | Spider:2 | Reached skill level 3 in Charms
 30835 | Spider:2 | Noticed Frances
 30843 | Spider:2 | Killed Frances
 31353 | Spider:2 | Got a slimy chain mail
 31364 | Spider:2 | Identified the +2 chain mail of Infinity {rCorr Dex+2 SInv Stlth+} (You acquired it on level 2 of the Spider Nest)
 31409 | Spider:2 | Reached skill level 8 in Conjurations
 31449 | Spider:3 | Reached skill level 4 in Charms
 31523 | Spider:3 | Reached skill level 4 in Fire Magic
 31959 | Spider:3 | Reached skill level 5 in Charms
 32107 | Spider:3 | Reached skill level 5 in Fire Magic
 32204 | Spider:3 | Got an ancient falchion
 32264 | Spider:3 | Reached skill level 9 in Conjurations
 32540 | Spider:4 | Entered Level 4 of the Spider Nest
 32635 | Spider:3 | Reached XP level 18. HP: 108/116 MP: 30/30
 32751 | Spider:3 | Reached skill level 6 in Fire Magic
 32824 | Spider:2 | Reached skill level 6 in Charms
 33189 | Spider:4 | Reached skill level 10 in Conjurations
 33228 | Spider:4 | Identified a +4 rod of ignition (14/14) (You found it on level 4 of the Spider Nest)
 33627 | Spider:4 | Reached skill level 7 in Fire Magic
 33681 | Spider:4 | Reached skill level 7 in Charms
 33911 | Spider:4 | Got a gossamer rune of Zot
 34234 | Lair:1   | Identified the +10 falchion of Acum {pain, +Blink rN+ MR- Stlth+} (You found it on level 3 of the Spider Nest)
 34366 | Swamp:4  | Entered Level 4 of the Swamp
 34423 | Swamp:4  | Found a frozen archway.
 34492 | IceCv    | Entered an ice cave
 34659 | IceCv    | Got a warped ring mail
 34660 | IceCv    | Identified the cursed +1 ring mail of the Peasants {-Tele rC+ Int+6 Stlth+} (You found it in an ice cave)
 34951 | IceCv    | Noticed an Ice Fiend
 34996 | IceCv    | Killed an Ice Fiend
 35607 | Orc:2    | Bought a book of Minor Magic for 280 gold pieces
 35694 | Lair:1   | Learned a level 2 spell: Blink
 35699 | Lair:1   | Learned a level 2 spell: Repel Missiles
 35849 | Swamp:4  | Reached skill level 6 in Dodging
 35851 | Swamp:4  | Reached skill level 1 in Translocations
 35861 | Swamp:4  | Reached skill level 9 in Spellcasting
 35879 | Swamp:4  | Reached skill level 2 in Translocations
 35890 | Swamp:4  | HP: 31/131 [spriggan druid/angry trees (7)]
 35997 | Swamp:4  | Gained mutation: You are somewhat resistant to further mutation. [potion of beneficial mutation]
 36108 | Swamp:4  | Got a decaying rune of Zot
 36119 | Swamp:4  | Reached XP level 19. HP: 120/120 MP: 32/32
 36504 | Swamp:4  | Reached skill level 7 in Dodging
 37113 | Vaults:1 | Entered Level 1 of the Vaults
 37169 | Vaults:1 | Reached skill level 10 in Spellcasting
 37425 | Vaults:1 | Reached skill level 17 in Maces & Flails
 37649 | Vaults:1 | Noticed Gargoyl's ghost (adept DsAK)
 37663 | Vaults:1 | Killed Gargoyl's ghost
 37940 | Vaults:1 | Reached skill level 18 in Maces & Flails
 38405 | Vaults:1 | Reached XP level 20. HP: 126/126 MP: 34/34
 38563 | Vaults:2 | Noticed Donald
 38576 | Vaults:2 | Killed Donald
 38576 | Vaults:2 | Reached skill level 19 in Maces & Flails
 38824 | Vaults:2 | HP: 20/141 [very large slime creature (38)]
 38841 | Vaults:2 | Paralysed by something for 7 turns
 38849 | Vaults:2 | HP: 34/141 [rakshasa (illusionary)/orb of energy (20)]
 39156 | Vaults:2 | Paralysed by a vampire knight for 5 turns
 39167 | Vaults:2 | Paralysed by something for 5 turns
 39171 | Vaults:2 | HP: 7/141 [deep elf knight/stone arrow[an ironheart preserver] (36)]
 39593 | Vaults:2 | Reached skill level 20 in Maces & Flails
 40019 | Vaults:2 | Found a staircase to the Crypt.
 41034 | Elf:1    | Entered Level 1 of the Elven Halls
 41059 | Elf:1    | Found Zeosas's Antique Armour Shop.
 41091 | Elf:1    | Reached skill level 14 in Fighting
 41630 | Elf:1    | Reached skill level 15 in Fighting
 41933 | Elf:1    | Reached XP level 21. HP: 135/135 MP: 35/35
 42449 | Elf:1    | Found Yvvybac's Jewellery Emporium.
 42449 | Elf:1    | Found Coompag's Gadget Shop.
 42450 | Elf:1    | Found Geps's Gadget Shop.
 42571 | Elf:2    | Got a heavily runed buckler
 42582 | Elf:2    | Identified the +2 buckler of Disguise {Str+2 Int+2} (You acquired it on level 2 of the Elven Halls)
 42645 | Elf:2    | Reached skill level 16 in Fighting
 42784 | Elf:2    | Found a radiant altar of Vehumet.
 43044 | Elf:2    | Found a runed gate.
 43044 | Elf:2    | Found a runed gate.
 43047 | Elf:2    | Found a runed gate.
 43519 | Elf:2    | Reached skill level 17 in Fighting
 44163 | Elf:3    | Entered Level 3 of the Elven Halls
 44517 | Vaults:2 | Reached skill level 18 in Fighting
 45276 | Vaults:3 | Reached skill level 19 in Fighting
 45790 | Vaults:3 | Reached XP level 22. HP: 150/150 MP: 36/36
 46186 | Depths:1 | Entered Level 1 of the Depths
 46278 | Depths:1 | Reached skill level 20 in Fighting
 46452 | Depths:1 | Noticed a juggernaut
 46473 | Depths:1 | Killed a juggernaut
 47085 | Depths:1 | Found a gateway to Hell.
 47479 | Depths:2 | Found Esusoac's Magic Scroll Shoppe.
 47479 | Depths:2 | Found Yffebuj's Food Shoppe.
 47524 | Depths:2 | Reached skill level 21 in Fighting
 47785 | Depths:2 | Noticed IcyTea's ghost (legendary GrFi)
 47862 | Depths:2 | HP: 42/170 [hippogriff (glowing shapeshifter) (2)]
 48147 | Depths:1 | Reached skill level 22 in Fighting
 48154 | Depths:1 | Paralysed by a great orb of eyes for 7 turns
 48624 | Elf:3    | Reached skill level 8 in Dodging
 48624 | Elf:3    | Reached XP level 23. HP: 162/162 MP: 37/37
 48803 | Elf:3    | Reached skill level 9 in Dodging
 49065 | Elf:3    | Cast into level 3 of the Abyss (a deep elf sorcerer)
 49362 | Abyss:3  | Reached skill level 10 in Dodging
 49503 | Abyss:3  | Found a corrupted altar of Lugonu.
 49552 | Abyss:3  | Reached skill level 21 in Maces & Flails
 49604 | Abyss:3  | Reached skill level 11 in Dodging
 50008 | Abyss:3  | Paralysed by accursed screaming for 1 turns
 50188 | Abyss:3  | Reached XP level 24. HP: 164/168 MP: 37/37
 50223 | Abyss:3  | Reached skill level 8 in Fire Magic
 50365 | Abyss:3  | Reached skill level 11 in Conjurations
 50468 | Abyss:3  | Paralysed by accursed screaming for 1 turns
 50474 | Abyss:3  | Paralysed by accursed screaming for 1 turns
 50512 | Abyss:3  | Got a fine chain mail
 50538 | Abyss:3  | Found a corrupted altar of Lugonu.
 50630 | Abyss:3  | Found a glowing golden altar of the Shining One.
 50662 | Abyss:3  | Paralysed by accursed screaming for 1 turns
 50664 | Abyss:3  | Paralysed by accursed screaming for 1 turns
 50666 | Abyss:3  | Noticed a juggernaut
 50667 | Abyss:3  | Paralysed by accursed screaming for 1 turns
 50675 | Abyss:3  | Paralysed by accursed screaming for 1 turns
 50961 | Abyss:3  | Reached skill level 9 in Fire Magic
 50975 | Abyss:3  | Paralysed by accursed screaming for 1 turns
 50976 | Abyss:3  | HP: 43/183 [reaper/scythe of freezing (23)]
 50982 | Abyss:3  | HP: 44/183 [reaper/scythe of freezing (10)]
 50992 | Abyss:3  | Got a pair of polished gloves
 50993 | Abyss:3  | Reached skill level 11 in Spellcasting
 50994 | Abyss:3  | HP: 42/183 [reaper/scythe of freezing (7)]
 51000 | Abyss:3  | HP: 35/183 [reaper/scythe of freezing (19)]
 51001 | Abyss:3  | HP: 12/183 [reaper/scythe of freezing (9)]
 51008 | Abyss:3  | HP: 37/183 [starcursed mass/accursed screaming (5)]
 51268 | Abyss:3  | Identified the +1 pair of gloves "Muon" {rF+ MP+9 Int+8} (You found it on level 3 of the Abyss)
 51476 | Abyss:4  | Reached skill level 12 in Conjurations
 51646 | Abyss:4  | Found a corrupted altar of Lugonu.
 51709 | Abyss:4  | Paralysed by accursed screaming for 1 turns
 51712 | Abyss:4  | Paralysed by accursed screaming for 1 turns
 51751 | Abyss:4  | Reached skill level 10 in Fire Magic
 51798 | Abyss:5  | Entered Level 5 of the Abyss
 52079 | Abyss:5  | HP: 38/183 [starcursed mass/accursed screaming (12)]
 52088 | Abyss:5  | HP: 43/183 [something (6)]
 52089 | Abyss:5  | Paralysed by accursed screaming for 2 turns
 52091 | Abyss:5  | Paralysed by accursed screaming for 2 turns
 52095 | Abyss:5  | HP: 43/183 [starcursed mass/accursed screaming (13)]
 52095 | Abyss:5  | Paralysed by accursed screaming for 2 turns
 52100 | Abyss:5  | HP: 20/183 [starcursed mass/accursed screaming (8)]
 52379 | Abyss:5  | Paralysed by accursed screaming for 1 turns
 52477 | Abyss:5  | Reached skill level 12 in Spellcasting
 52477 | Abyss:5  | Reached skill level 13 in Conjurations
 52513 | Abyss:5  | Paralysed by accursed screaming for 1 turns
 52605 | Elf:3    | Escaped the Abyss
 52807 | Elf:3    | Reached skill level 11 in Fire Magic
 52928 | Lair:1   | Identified the +6 chain mail of the Komtur {Int-3 Dex+6} (You found it on level 3 of the Abyss)
 52948 | Lair:1   | Learned a level 5 spell: Bolt of Magma
 52955 | Lair:1   | Learned a level 6 spell: Deflect Missiles
 52962 | Lair:1   | Learned a level 6 spell: Freezing Cloud
 53098 | D:5      | Bought a scroll of recharging for 133 gold pieces
 53537 | Elf:3    | Reached XP level 25. HP: 173/173 MP: 39/39
 53681 | Elf:3    | Reached skill level 4 in Air Magic
 53905 | Elf:3    | Identified Sif Muna's Collected Works on Ice and Dark Rituals
 54114 | Elf:3    | Got a pitted longbow
 54150 | Elf:3    | Identified a +4 rod of ignition (13/13) (You found it on level 3 of the Elven Halls)
 54369 | Lair:1   | Identified the +0 longbow of Foolhardiness {flame, +Inv Str+4} (You found it on level 3 of the Elven Halls)
 54861 | Vaults:4 | Reached skill level 8 in Charms
 54871 | Vaults:4 | Found Vecoj's Gadget Boutique.
 55185 | Vaults:4 | Reached skill level 5 in Air Magic
 55857 | Vaults:4 | Reached skill level 13 in Spellcasting
 55857 | Vaults:4 | Reached skill level 9 in Charms
 55857 | Vaults:4 | Reached skill level 6 in Air Magic
 56578 | Depths:2 | Killed IcyTea's ghost
 56591 | Depths:2 | Reached skill level 7 in Air Magic
 56662 | Depths:2 | Found Acusaen's Gadget Shoppe.
 56689 | Depths:2 | Found Vofe's Book Shoppe.
 56779 | Depths:2 | Got a brightly glowing falchion
 56780 | Depths:2 | Identified the +6 falchion "Gujoev" {protect, +Inv MR+} (You found it on level 2 of the Depths)
 56949 | Depths:2 | Found Rydwal's Food Shoppe.
 57033 | Depths:2 | Reached skill level 10 in Charms
 57491 | Lair:1   | Learned a level 6 spell: Iron Shot
 57649 | Depths:3 | Noticed Frederick
 57686 | Depths:3 | Reached skill level 1 in Ice Magic
 57724 | Depths:3 | Reached XP level 26. HP: 179/179 MP: 40/40
 57753 | Depths:3 | Reached skill level 2 in Ice Magic
 57760 | Depths:3 | Killed Frederick
 57760 | Depths:3 | Reached skill level 14 in Spellcasting
 58011 | Depths:3 | Found a glowing golden altar of the Shining One.
 58054 | Depths:3 | Reached skill level 3 in Ice Magic
 58504 | Depths:3 | Reached skill level 4 in Ice Magic
 58631 | Depths:3 | Noticed a juggernaut
 58639 | Depths:3 | Killed a juggernaut
 58639 | Depths:3 | Reached skill level 14 in Conjurations
 58719 | Depths:3 | Reached skill level 5 in Ice Magic
 58888 | Depths:3 | Found a one-way gate leading to the halls of Pandemonium.
 59079 | Depths:4 | Noticed Jorgrun
 59094 | Depths:4 | Killed Jorgrun
 59180 | Depths:3 | Reached skill level 6 in Ice Magic
 59240 | Depths:4 | Found a one-way gate to the infinite horrors of the Abyss.
 59308 | Depths:4 | Cast into level 3 of the Abyss (a lich)
 59485 | Abyss:3  | Reached skill level 1 in Earth Magic
 59530 | Abyss:3  | Reached skill level 15 in Conjurations
 59530 | Abyss:3  | Reached skill level 2 in Earth Magic
 59562 | Abyss:3  | Reached skill level 15 in Spellcasting
 59626 | Abyss:3  | Reached skill level 3 in Earth Magic
 59821 | Abyss:3  | Reached skill level 4 in Earth Magic
 60044 | Abyss:3  | Reached skill level 10 in Invocations
 60218 | Abyss:3  | Reached XP level 27. HP: 184/184 MP: 42/42
 60233 | Abyss:3  | Reached skill level 11 in Invocations
 60255 | Abyss:3  | Gained mutation: You occasionally shout uncontrollably at your foes. [a neqoxec]
 60480 | Abyss:3  | Reached skill level 12 in Invocations
 60546 | Abyss:3  | Got an abyssal rune of Zot
 60722 | Abyss:3  | Paralysed by accursed screaming for 1 turns
 60831 | Abyss:3  | Reached skill level 13 in Invocations
 60857 | Depths:4 | Escaped the Abyss
 61012 | Depths:4 | Reached skill level 14 in Invocations
 61240 | Depths:4 | Paralysed by a great orb of eyes for 2 turns
 61366 | Depths:4 | Reached skill level 15 in Invocations
 61443 | Depths:4 | HP: 47/199 [acid (8)]
 61697 | Depths:4 | Reached skill level 16 in Invocations
 61777 | Depths:4 | Got a shimmering chain mail
 61778 | Depths:4 | Identified the +2 chain mail "Quxicro" {Dex+4} (You took it off a rakshasa on level 4 of the Depths)
 62067 | Depths:4 | Got a scorched tin ring
 62101 | Depths:4 | Identified the cursed ring "Wuaceyse" {Str-3 Int+5 Dex-2} (You took it off a vampire knight on level 4 of the Depths)
 62137 | Depths:4 | Got a dazzling leather armour
 62138 | Depths:4 | Identified the cursed +1 leather armour of Indemnity {rElec rF++ Dex+4 Slay-4} (You took it off a deep elf blademaster on level 4 of the Depths)
 62533 | Lair:1   | Learned a level 9 spell: Fire Storm
 62535 | Lair:1   | Learned a level 1 spell: Animate Skeleton
 62775 | Crypt:1  | Entered Level 1 of the Crypt
 62795 | Crypt:1  | Paralysed by a vampire knight for 5 turns
 62816 | Crypt:1  | Reached skill level 1 in Necromancy
 63360 | Crypt:1  | Reached skill level 2 in Necromancy
 63782 | Crypt:1  | Reached skill level 3 in Necromancy
 64162 | Elf:1    | Bought an embroidered cloak for 325 gold pieces
 64172 | Elf:1    | Bought a glowing cloak for 325 gold pieces
 64466 | Vaults:5 | Entered Level 5 of the Vaults
 64466 | Vaults:5 | Noticed an ancient lich
 64603 | Vaults:4 | Reached skill level 12 in Fire Magic
 64731 | Vaults:5 | Paralysed by an ancient lich for 6 turns
 64743 | Vaults:5 | Paralysed by an ancient lich for 3 turns
 64748 | Vaults:5 | HP: 45/199 [acid (11)]
 64752 | Vaults:4 | HP: 9/199 [deep elf sorcerer/bolt of acid (46)]
 64752 | Vaults:4 | HP: 1/199 [acid (8)]
 64965 | Vaults:4 | Reached skill level 16 in Spellcasting
 65039 | Vaults:5 | Reached skill level 16 in Conjurations
 65174 | Vaults:5 | Got a warped lead ring
 65192 | Vaults:5 | Identified the ring "Jaukh" {+Fly rC+ MR+ Dex-5} (You found it on level 5 of the Vaults)
 65306 | Vaults:5 | Reached skill level 13 in Fire Magic
 65583 | Vaults:5 | Got a bloodstained flail
 65745 | Vaults:5 | Reached skill level 17 in Conjurations
 66125 | Vaults:5 | Reached skill level 17 in Spellcasting
 66201 | Vaults:5 | Reached skill level 14 in Fire Magic
 66404 | Vaults:5 | Got a blackened ring mail
 66420 | Vaults:5 | Identified the +3 ring mail "Bimati" {+Fly rElec rF+ MP+9} (You took it off a vault warden on level 5 of the Vaults)
 66423 | Vaults:5 | Identified the +3 flail of False Accusations {venom, rPois Int+3} (You found it on level 5 of the Vaults)
 66495 | Vaults:5 | Got a silver rune of Zot
 67106 | Vaults:4 | Killed an ancient lich
 67640 | Depths:5 | Entered Level 5 of the Depths
 67781 | Depths:5 | Noticed a juggernaut
 67789 | Depths:5 | Killed a juggernaut
 67789 | Depths:5 | Reached skill level 18 in Conjurations
 67798 | Depths:5 | Found a gateway to a ziggurat.
 68748 | Slime:1  | Entered Level 1 of the Pits of Slime
 68825 | Lair:5   | Reached skill level 15 in Fire Magic
 69262 | Slime:5  | Entered Level 5 of the Pits of Slime
 69265 | Slime:5  | Noticed Gottschkopf's ghost (legendary MiFi)
 69292 | Slime:5  | Paralysed by a floating eye for 2 turns
 69488 | Slime:5  | Killed Gottschkopf's ghost
 69498 | Slime:5  | Reached skill level 19 in Conjurations
 69521 | Slime:5  | Noticed the Royal Jelly
 69531 | Slime:5  | Killed the Royal Jelly
 69531 | Slime:5  | Reached skill level 16 in Fire Magic
 70161 | Slime:4  | Paralysed by a great orb of eyes for 3 turns
 70424 | Slime:5  | Got a jewelled leather armour
 70533 | Slime:5  | Got a slimy rune of Zot
 70549 | Slime:5  | Got a pearl-studded scale mail
 70550 | Slime:5  | Identified the +1 scale mail "Gupij" {rF+ rC+} (You found it on level 5 of the Pits of Slime)
 70575 | Slime:5  | Got a shimmering whip
 70576 | Slime:5  | Identified the cursed +0 whip of Annihilation {slash, rPois} (You found it on level 5 of the Pits of Slime)
 70642 | Slime:5  | Got a translucent flail
 70643 | Slime:5  | Identified the +7 flail "Eviscerator" {protect, -Tele rPois rF+++ rC++} (You found it on level 5 of the Pits of Slime)
 70864 | Lair:1   | Learned a level 8 spell: Controlled Blink
 70866 | Lair:1   | Learned a level 1 spell: Beastly Appendage
 71668 | Crypt:2  | Reached skill level 20 in Conjurations
 71733 | Crypt:2  | Reached skill level 1 in Transmutations
 72167 | Crypt:2  | Reached skill level 17 in Fire Magic
 72322 | Crypt:2  | Reached skill level 2 in Transmutations
 72441 | Crypt:3  | Entered Level 3 of the Crypt
 72516 | Crypt:3  | Reached skill level 3 in Transmutations
 72616 | Crypt:3  | Reached skill level 4 in Transmutations
 72708 | Crypt:3  | Reached skill level 3 in Translocations
 72738 | Crypt:3  | Found an ancient bone altar of Kikubaaqudgha.
 72793 | Crypt:3  | Identified the Papyrus of Black Magic
 72796 | Crypt:3  | Got a smelly plate armour
 72797 | Crypt:3  | Identified the +6 plate armour "Qugeysag" {rCorr Int-2 Slay+5 Stlth+} (You found it on level 3 of the Crypt)
 72821 | Crypt:3  | Noticed an ancient lich
 72834 | Crypt:3  | Killed an ancient lich
 72897 | Crypt:3  | Reached skill level 4 in Translocations
 73177 | Crypt:3  | Got a scorched granite ring
 73177 | Crypt:3  | Got a translucent steel ring
 73215 | Crypt:3  | Identified the ring of the Fiend {rElec rN+} (You found it on level 3 of the Crypt)
 73218 | Crypt:3  | Identified the ring "Vyimes" {-Tele +Fly rN+ Int+7} (You found it on level 3 of the Crypt)
 73241 | Crypt:3  | Reached skill level 5 in Translocations
 73265 | Crypt:3  | Reached skill level 18 in Fire Magic
 73630 | Crypt:3  | Found a staircase to the Tomb.
 74318 | Orc:2    | Bought a Necronomicon for 1545 gold pieces
 74415 | Lair:1   | Learned a level 8 spell: Necromutation
 74619 | Pan      | Entered Pandemonium
 74653 | Pan      | Reached skill level 6 in Translocations
 74753 | Pan      | Found an exit through the horrors of the Abyss.
 74968 | Pan      | Reached skill level 7 in Translocations
 75028 | Pan      | Noticed Jefaesk the pandemonium lord
 75046 | Pan      | Took an exit into the Abyss.
 75046 | Abyss:1  | Escaped into the Abyss
 75046 | Abyss:1  | Found a corrupted altar of Lugonu.
 75047 | Abyss:1  | Noticed an ancient lich
 75052 | Abyss:2  | Found a corrupted altar of Lugonu.
 75186 | Abyss:2  | Paralysed by accursed screaming for 1 turns
 75230 | Depths:3 | Escaped the Abyss
 75370 | Depths:5 | Reached skill level 8 in Translocations
 75371 | Depths:5 | HP: 49/199 [fire dragon/blast of flame (8)]
 75595 | Depths:5 | Found a gate to the Realm of Zot.
 75617 | Depths:5 | Reached skill level 19 in Fire Magic
 75672 | Zot:1    | Entered Level 1 of the Realm of Zot
 76399 | Zot:1    | Reached skill level 16 in Armour
 76588 | Zot:1    | Noticed an orb of fire
 76604 | Zot:1    | Killed an orb of fire
 77396 | Zot:2    | Reached skill level 20 in Fire Magic
 77659 | Zot:2    | Reached skill level 17 in Armour
 78218 | Zot:2    | Reached skill level 18 in Spellcasting
 78488 | Zot:2    | HP: 49/199 [yellow draconian knight/bolt of cold (28)]
 78729 | Zot:2    | Reached skill level 18 in Armour
 78998 | Zot:3    | Noticed an orb of fire
 79010 | Zot:3    | Gained mutation: You regenerate slowly when monsters are visible. [an orb of fire]
 79014 | Zot:3    | Gained mutation: You are frail. (-10% HP) [an orb of fire]
 79016 | Zot:3    | Killed an orb of fire
 79319 | Zot:3    | Noticed an orb of fire
 79334 | Zot:3    | Killed an orb of fire
 79378 | Zot:3    | Reached skill level 19 in Armour
 79378 | Zot:3    | HP: 44/180 [white draconian/chilling blast (28)]
 79397 | Zot:3    | HP: 36/180 [red draconian annihilator/iron shot (11)]
 79409 | Zot:3    | Reached skill level 19 in Spellcasting
 79412 | Zot:3    | HP: 45/180 [storm dragon (5)]
 79422 | Zot:3    | HP: 43/180 [tentacled monstrosity (4)]
 79428 | Zot:3    | HP: 41/180 [tentacled monstrosity (9)]
 79447 | Zot:3    | HP: 36/180 [acid (12)]
 79822 | Depths:5 | Paralysed by a floating eye for 4 turns
 80079 | Lair:1   | Gained mutation: You are very frail. (-20% HP) [potion of mutation]
 80080 | Lair:1   | Gained mutation: You are agile. (Dex +2) [potion of mutation]
 80080 | Lair:1   | Gained mutation: You are extremely frail. (-30% HP) [potion of mutation]
 80082 | Lair:1   | Lost mutation: You are agile. (Dex +2) [potion of cure mutation]
 80082 | Lair:1   | Lost mutation: You are partially covered in molten scales. (AC +2) [potion of cure mutation]
 80082 | Lair:1   | Lost mutation: You are extremely frail. (-30% HP) [potion of cure mutation]
 80082 | Lair:1   | Lost mutation: You regenerate slowly when monsters are visible. [potion of cure mutation]
 80082 | Lair:1   | Lost mutation: You are somewhat resistant to further mutation. [potion of cure mutation]
 80083 | Lair:1   | Lost mutation: You are very frail. (-20% HP) [potion of cure mutation]
 80083 | Lair:1   | Lost mutation: You occasionally shout uncontrollably at your foes. [potion of cure mutation]
 80083 | Lair:1   | Lost mutation: You are frail. (-10% HP) [potion of cure mutation]
 80346 | Depths:2 | Bought a manual of Armour for 1656 gold pieces
 80406 | Depths:2 | Bought a scroll of recharging for 142 gold pieces
 81501 | Zot:3    | Reached skill level 20 in Armour
 81898 | Hell     | Entered the Vestibule of Hell
 81918 | Hell     | Noticed Geryon
 82181 | Hell     | Killed Geryon
 82458 | Hell     | Found a gateway to the freezing wastes of Cocytus.
 82513 | Hell     | Reached skill level 21 in Armour
 82670 | Hell     | Found a gateway to the ashen valley of Gehenna.
 82785 | Hell     | Reached skill level 20 in Spellcasting
 82829 | Hell     | Found a gateway to the decaying netherworld of Tartarus.
 83044 | Hell     | Found a gateway to the Iron City of Dis.
 83145 | Pan      | Entered Pandemonium
 83368 | Pan      | Noticed Rithuj the pandemonium lord
 83390 | Pan      | Killed Rithuj the pandemonium lord
 83502 | Pan      | Gained mutation: Your body sometimes deteriorates upon taking damage. [a cacodemon]
 83580 | Pan      | Reached skill level 22 in Armour
 84076 | Pan      | Found an exit through the horrors of the Abyss.
 84663 | Pan      | Found an exit through the horrors of the Abyss.
 84714 | Pan      | Noticed Ungearust the pandemonium lord
 84741 | Pan      | Killed Ungearust the pandemonium lord
 84741 | Pan      | Reached skill level 23 in Armour
 84998 | Pan      | Identified the Papyrus of Displacement and Enhancements
 85203 | Pan      | Learned a level 3 spell: Regeneration
 85581 | Pan      | Reached skill level 21 in Fire Magic
 85603 | Depths:4 | Escaped Pandemonium
 85797 | Depths:3 | Paralysed by a great orb of eyes for 6 turns
 86041 | Elf:1    | Bought a pair of spiked gloves for 294 gold pieces
 86043 | Elf:1    | Identified the -1 pair of gloves of the Republic {+Fly rF- Int+4 Dex-5} (You bought it in a shop on level 1 of the Elven Halls)
 86047 | Elf:1    | Bought a runed hat for 310 gold pieces
 86672 | Lair:1   | Identified the +0 leather armour of Lugonu {rC- Int+8} (You found it on level 5 of the Pits of Slime)
 86931 | Pan      | Entered Pandemonium
 87043 | Pan      | Reached skill level 21 in Conjurations
 87133 | Pan      | Noticed Oxkareeg the pandemonium lord
 87158 | Pan      | Killed Oxkareeg the pandemonium lord
 87628 | Pan      | Found an exit through the horrors of the Abyss.
 88198 | Pan      | Noticed Rien the pandemonium lord
 88205 | Pan      | Killed Rien the pandemonium lord
 88222 | Pan      | Gained mutation: You regenerate slowly when monsters are visible. [a neqoxec]
 88239 | Pan      | HP: 46/199 [smoke demon/divine providence (13)]
 88335 | Pan      | Gained mutation: Your body often deteriorates upon taking damage. [a neqoxec]
 88336 | Depths:3 | Escaped Pandemonium
 88775 | Zot:4    | Reached skill level 21 in Spellcasting
 88995 | Zot:4    | Reached skill level 22 in Conjurations
 89430 | Zot:4    | Noticed an orb of fire
 89432 | Zot:4    | Gained mutation: You are frail. (-10% HP) [an orb of fire]
 89446 | Zot:4    | Killed an orb of fire
 90244 | Zot:5    | Entered Level 5 of the Realm of Zot
 90400 | Zot:5    | Noticed an ancient lich
 90411 | Zot:5    | Killed an ancient lich
 90423 | Zot:5    | Reached skill level 23 in Conjurations
 90515 | Zot:5    | Got a twisted hand axe
 90516 | Zot:5    | Identified the cursed +0 hand axe of Kokuse {speed, Str+3 Dex+2} (You found it on level 5 of the Realm of Zot)
 90659 | Zot:5    | Noticed an ancient lich
 90659 | Zot:5    | Paralysed by an ancient lich for 5 turns
 90665 | Zot:5    | Killed an ancient lich
 90665 | Zot:5    | Reached skill level 22 in Fire Magic
 90867 | Zot:5    | Reached skill level 22 in Spellcasting
 91274 | Pan      | Entered Pandemonium
 92022 | Pan      | Noticed Fiwocsu the pandemonium lord
 92035 | Pan      | Paralysed by Fiwocsu for 6 turns
 92038 | Pan      | HP: 19/165 [Fiwocsu the pandemonium lord (42)]
 92038 | Pan      | HP: 8/165 [red devil/trident[a balrug] (11)]
 92038 | Pan      | Annihilated by Fiwocsu the pandemonium lord

Skill      XL: |  1  2  3  4  5  6  7  8  9 10 11 12 13 14 15 16 17 18 19 20 21 22 23 24 25 26 27 |
---------------+----------------------------------------------------------------------------------+-----
Shields        | 4 |  4.1
Maces & Flails | 3 4 5 6 9 12 14 16 18 20 21 | 21.2
Fighting       | 4 5 6 7 10 12 13 15 19 22 | 22.0
Armour         | 10 11 14 15 23 | 23.4
Dodging        | 5 6 7 8 11 | 11.7
Invocations    | 2 8 9 10 16 | 16.7
Conjurations   | 2 5 9 10 13 15 23 | 23.6
Spellcasting   | 1 5 8 9 10 12 13 15 22 | 22.2
Poison Magic   | 1 4 |  4.4
Air Magic      | 1 3 7 |  7.7
Throwing       | 3 |  3.3
Fire Magic     | 3 5 7 11 22 | 22.2
Charms         | 5 7 10 | 10.3
Translocations | 2 8 |  8.2
Ice Magic      | 1 6 |  6.7
Earth Magic    | 4 |  4.8
Necromancy     | 3 |  3.2
Transmutations | 4 |  4.2

Action                   |  1- 3 |  4- 6 |  7- 9 | 10-12 | 13-15 | 16-18 | 19-21 | 22-24 | 25-27 || total
-------------------------+-------+-------+-------+-------+-------+-------+-------+-------+-------++-------
Melee: Flail             |   172 |   216 |   172 |   539 |       |       |       |       |   151 ||  1250
       Whip              |       |       |   806 |   447 |       |       |       |       |       ||  1253
       Mace              |       |       |       |    59 |       |       |       |       |       ||    59
       Eveningstar       |       |       |       |   122 |  1082 |  1377 |  1309 |  1762 |  5936 || 11588
       Unarmed           |       |       |       |       |       |     4 |       |       |       ||     4
       Hand axe          |       |       |       |       |       |    53 |       |       |       ||    53
Throw: Javelin           |       |       |       |       |    11 |    58 |    12 |     9 |    39 ||   129
 Cast: Magic Dart        |       |       |       |       |    22 |    57 |    89 |    21 |    52 ||   241
       Iskenderun's Myst |       |       |       |       |     4 |    60 |    20 |     4 |       ||    88
       Summon Butterflie |       |       |       |       |     2 |       |       |       |       ||     2
       Mephitic Cloud    |       |       |       |       |     1 |     2 |     1 |     1 |       ||     5
       Conjure Flame     |       |       |       |       |       |     1 |       |       |       ||     1
       Repel Missiles    |       |       |       |       |       |     1 |     9 |     4 |     2 ||    16
       Fireball          |       |       |       |       |       |     1 |    60 |    49 |   111 ||   221
       Iskenderun's Batt |       |       |       |       |       |       |    16 |     6 |     1 ||    23
       Blink             |       |       |       |       |       |       |     6 |    12 |    19 ||    37
       Bolt of Magma     |       |       |       |       |       |       |       |     1 |    53 ||    54
       Deflect Missiles  |       |       |       |       |       |       |       |       |    20 ||    20
       Iron Shot         |       |       |       |       |       |       |       |       |   158 ||   158
       Freezing Cloud    |       |       |       |       |       |       |       |       |    73 ||    73
       Fire Storm        |       |       |       |       |       |       |       |       |     3 ||     3
       Regeneration      |       |       |       |       |       |       |       |       |     3 ||     3
Invok: Slouch            |       |       |       |       |     1 |     1 |     1 |     1 |     3 ||     7
       Bend Time         |       |       |       |       |       |       |     4 |       |       ||     4
       Step From Time    |       |       |       |       |       |       |     1 |     1 |     1 ||     3
 Abil: Fly               |       |       |       |       |     1 |       |       |       |       ||     1
Evoke: Wand              |       |       |       |     3 |    14 |     6 |    11 |    24 |    16 ||    74
  Use: Scroll            |     2 |     2 |     6 |    16 |    15 |    20 |     7 |    11 |    39 ||   118
       Potion            |       |       |     2 |     7 |     1 |     8 |     1 |     4 |    21 ||    44
 Stab: Confused          |       |       |       |       |       |     1 |       |     1 |       ||     2
       Distracted        |       |       |       |       |       |       |     2 |     1 |       ||     3
  Eat: Chunk             |     2 |     6 |    17 |     8 |     2 |     2 |     3 |     4 |     7 ||    51
       Beef jerky        |       |       |     4 |     2 |     1 |       |     2 |       |     7 ||    16
       Pizza             |       |       |     2 |       |     5 |     2 |     1 |       |     9 ||    19
       Fruit             |       |       |       |     9 |     9 |    23 |    13 |     3 |    22 ||    79
       Royal jelly       |       |       |       |       |     1 |       |       |       |     2 ||     3
       Bread ration      |       |       |       |       |       |       |     1 |     3 |     5 ||     9
Armor: Scale mail        |    96 |    80 |   366 |   344 |   459 |    66 |       |       |       ||  1411
       Fire dragon scale |       |       |       |       |       |   412 |   650 |  1019 |  3233 ||  5314
       Chain mail        |       |       |       |       |       |   671 |       |       |   403 ||  1074
       Gold dragon scale |       |       |       |       |       |       |       |       |     7 ||     7
       Plate armour      |       |       |       |       |       |       |       |       |     2 ||     2
Dodge: Dodged            |    59 |    71 |   433 |   627 |   951 |  1601 |  1269 |  1958 |  7098 || 14067
       Deflected         |       |       |       |       |       |     5 |    50 |    45 |   214 ||   314
Block: Shield            |    87 |   122 |   185 |       |       |       |       |       |       ||   394
       Buckler           |       |       |    92 |   288 |   452 |   673 |   599 |   973 |  2974 ||  6051

Vault maps used:
D:1:      dpeg_arrival_lava_temple_mockup, serial_forest,
          infiniplex_forest_lined_2, infiniplex_forest_end_3,
          infiniplex_forest_lined_3_way, infiniplex_forest_lined_4_way,
          infiniplex_forest_lined_ring, infiniplex_forest_corner_1,
          infiniplex_forest_lined_3_way
D:2:      minmay_box_of_dots
D:3:      serial_bayou, serial_bayou_shore_b, serial_bayou_crossing,
          serial_bayou_pond_b, serial_bayou_pond_d, item_on_display_a
D:4:      wad_river_or_something, lemuel_zombie_altar_kikubaaqudgha,
          gammafunk_temple_overflow_statue
D:5:      lemuel_doored_altar, lemuel_coloured_pillars_altar, serial_shops,
          shop, first_bread, gup_sewer_entry_spiral, minmay_shop_grid_forest,
          lemuel_blue_sif_altar
D:6:      serial_shops, shop
D:7:      serial_shops, shop
D:8:      kennysheep_blocky_hall, kennysheep_mini_moat, serial_shops,
          nicolae_shop_window_shopping
D:9:      old_standard_altar, uniq_erolcha
D:10:     dpeg_oklobed_lair, blue_anna_alchemist
D:11:     xom_teletrap_fun
D:14:     hangedman_vaults_entry_quadrant_bands, minivault_27,
          minmay_tree_intersection, uniq_urug, uniq_sonja, uniq_azrael
D:15:     hangedman_depths_entry_try_elsewhere_first, lab_entry_generic,
          grunt_dithmenos_smoke, hex_tiny, minmay_statue_bubble
Temple:   minmay_temple_curvy_branch
Lair:1:   lemuel_reptile_caves, serial_bayou, serial_bayou_pond_d,
          serial_bayou_pond_b, serial_bayou_shore_a, serial_bayou_pond_c,
          st_stairs_6, grunt_forest_small_clearing_treed
Lair:2:   nicolae_swamp_entry_splash_gauntlet, minivault_19,
          beast_lair_carwin_11, lemuel_fruit_tree
Lair:3:   lemuel_ratsnest, spider_nest_entry_rubble,
          nicolae_volcano_entry_two_sided
Lair:5:   slime_altar_2
Lair:6:   gammafunk_lair_ancient_temple
Swamp:1:  cheibrodos_swamp_sealed, evilmike_swamp_ruin_house_1, swamp_pool3
Swamp:2:  evilmike_swamp_ruin_house_5
Swamp:3:  serial_swamp_ruin, evilmike_swamp_ruin_house_2,
          evilmike_swamp_ruin_house_3, evilmike_swamp_ruin_house_4, uniq_louise,
          uniq_nikola, uniq_kirke
Swamp:4:  swamp_alternative, portal_ice_cave_entry_ice_statue_two, swamp_pool1
Spider:1: spider_trap
Spider:2: nicolae_arachne_temple, uniq_frances
Spider:3: lemuel_spider_zombies, uniq_arachne
Spider:4: grunt_spider_rune_circles, spider_trap
Slime:2:  nicolae_slime_barrier, uniq_dissolution
Orc:1:    minmay_goldmine, serial_shops, nicolae_shop_waterfront,
          nicolae_shop_overgrown_old_shop, shop, mines_bat_river,
          uniq_josephine, uniq_snorg
Orc:2:    st_orc_town, basic_altar
Elf:1:    serial_shops, shop, hangedman_elf_represent, spider_trap, st_stairs_3,
          minmay_shop_grove
Elf:2:    basic_altar, minivault_20, serial_sigils_hangedman_stare
Elf:3:    minmay_elf_hall_spiked
Vaults:1: vaults_room_corners, nicolae_vaults_diagonal_hallway_6,
          hangedman_vaults_stream, vaults_standard_mumra_x,
          nicolae_vaults_back_hallway, hangedman_vaults_corner_blocks,
          nicolae_vaults_triangles, v_misc_15, ontoclasm_vaults_misaligned,
          v_pattern_4, nicolae_vaults_meeting, v_alt_pattern_2,
          ontoclasm_vaults_decontamination
Vaults:2: hangedman_vaults_maws, v_misc_10, nicolae_vaults_big_angled_halls,
          v_misc_23, vaults_room_pool, minmay_crypt_entry_simple_statues,
          v_misc_18, vaults_dpeg_encased_lava, v_alt_pattern_1,
          vaults_dpeg_ring, vaults_room_grunt_arrival_ludios, v_alt_pattern_1,
          vaults_dpeg_hooks, uniq_donald
Vaults:3: st_octagons_1, v_rooms_1, serial_ice_h, hangedman_vaults_impose,
          ontoclasm_vaults_tryst, ontoclasm_vaults_twist,
          ontoclasm_vaults_loading_screen, v_misc_16
Vaults:4: vaults_standard_mumra_enter_the_diamond,
          nicolae_vaults_fighting_squares, nicolae_vaults_little_squares_2,
          nicolae_vaults_little_squares_1, nicolae_vaults_network_barrier,
          nicolae_vaults_hallways_thing, hangedman_vaults_pinch,
          vaults_mumra_minichess_inversion, v_misc_11,
          ontoclasm_vaults_loading_screen, vaults_room_pools,
          nicolae_vaults_little_ls, hangedman_vaults_restitches, serial_shops,
          shop
Crypt:1:  nicolae_crypt_ancient_font
Crypt:2:  minivault_4, moated_statue
Crypt:3:  cryptofortress_bobbens
Depths:1: hangedman_decor_opposing, grunt_hell_entry_dis_old,
          hangedman_decor_push, hangedman_glass_teeth, hangedman_decor_growths,
          hangedman_abyss_or_decor_passed, kb_rosetta
Depths:2: nicolae_legendary_halls, serial_shops, shop, shop, shop,
          nicolae_shop_trees, nicolae_shop_window_shopping, hell_entry,
          special_room
Depths:3: cheibrodos_hall_of_evolution, grunt_pan_entry_in_and_out,
          corexii_hall_statues_t, hell_entry, tso_metal_star, uniq_frederick
Depths:4: hangedman_pleasuredromes, pan_entry, abyss_entry, hell_entry,
          uniq_jorgrun
Depths:5: grunt_zot_entry_bicorn, enter_ziggurat_d, hell_entry,
          minmay_misc_feat_x
Zot:2:    grunt_megastairs_2
Zot:3:    zot_minivault_1
Zot:5:    st_stairs_11, grunt_ministairs_7, bh_zot_lava_cross
Abyss:2:  evilmike_abyss_exit_9, evilmike_abyss_exit_6
Abyss:3:  evilmike_nicolae_abyss_rune_betentacled_crabyss,
          evilmike_abyss_exit_kraken
Abyss:4:  hangedman_abyss_stitches_cave
Abyss:5:  doesnt_abyss_rune_brain_food, evilmike_abyss_exit_9
Pan:      pan_disco_hall, pan_blood_fountain, nicolae_pan_lom_lobonic_2,
          evilmike_mini_pan_3x3, pan_blood_fountain_small,
          evilmike_mini_pan_thingy, nicolae_pan_sigil_itan,
          evilmike_mini_pan_diamond, nicolae_pan_diamonds,
          evilmike_mini_pan_doors, nicolae_pan_gloorx_vloqian_4
Lab:      labyrinth_watery, nicolae_lab_diamond, nicolae_lab_big_swirl,
          nicolae_lab_checkerboard, nicolae_lab_plus
Sewer:    sewer_minmay_treatment
IceCv:    ice_cave_caverns_03

Table legend:
 A = Turns spent in this place as a percentage of turns spent in the entire game.
 B = Non-inter-level travel turns spent in this place as a percentage of non-inter-level travel turns spent in the entire game.
 C = Inter-level travel turns spent in this place as a percentage of turns spent in this place.
 D = Turns resting spent in this place as a percentage of non-inter-level travel turns spent in this place.
 E = Turns spent auto-exploring this place as a percentage of non-inter-level travel turns spent in this place.
 F = Non-inter-level travel turns spent in this place divided by the number of levels of this place that you've seen.
                   A       B       C       D       E      F
               +-------+-------+-------+-------+-------+----------------------
         Total | 100.0 | 100.0 |   0.8 |   2.2 |   3.9 | 485.1
       Dungeon |  15.7 |  15.6 |   1.2 |   1.1 |   6.1 | 373.6
        Temple |   0.1 |   0.1 |   0.0 |   0.0 |  76.2 |  21.0
          Lair |   8.7 |   8.6 |   1.8 |   1.6 |   3.5 | 513.0
         Swamp |   3.1 |   3.1 |   1.1 |   2.2 |   5.6 | 279.0
   Spider Nest |   6.0 |   6.0 |   0.9 |   3.6 |   3.0 | 539.5
    Slime Pits |   2.8 |   2.8 |   0.3 |   3.3 |   0.0 | 199.6
  Orcish Mines |   1.9 |   1.9 |   1.2 |   1.2 |   6.3 | 343.5
   Elven Halls |   5.4 |   5.4 |   0.8 |   2.7 |   3.9 | 648.0
        Vaults |  11.2 |  11.3 |   0.5 |   2.1 |   6.2 | 809.2
         Crypt |   4.8 |   4.8 |   0.7 |   1.3 |   5.1 | 576.3
        Depths |   9.6 |   9.6 |   1.1 |   2.4 |   4.6 | 688.0
          Hell |   1.5 |   1.5 |   0.2 |   1.1 |   2.4 | 535.0
           Zot |   7.0 |   7.0 |   0.7 |   3.8 |   4.4 | 499.4
         Abyss |  11.9 |  12.0 |   0.0 |   1.7 |   0.2 | 719.8
   Pandemonium |   6.8 |   6.9 |   0.0 |   3.9 |   2.5 | 412.2
     Labyrinth |   0.6 |   0.7 |   0.0 |   0.0 |   0.0 | 234.0
         Sewer |   1.3 |   1.3 |   0.0 |   2.7 |   2.3 | 480.0
      Ice Cave |   1.5 |   1.5 |   0.0 |   1.5 |   0.4 | 535.0
               +-------+-------+-------+-------+-------+----------------------

Table legend:
 A = Kills in this place as a percentage of kills in entire the game.
 B = Kills by you in this place as a percentage of kills by you in the entire game.
 C = Kills by friends in this place as a percentage of kills by friends in the entire game.
 D = Other kills in this place as a percentage of other kills in the entire game.
 E = Experience gained in this place as a percentage of experience gained in the entire game.
 F = Experience gained in this place divided by the number of levels of this place that you have seen.
                   A       B       C       D       E      F
               +-------+-------+-------+-------+-------+----------------------
         Total | 100.0 | 100.0 |  -nan | 100.0 | 100.0 | 37011.8
       Dungeon |  11.7 |  11.8 |  -nan |   0.0 |   2.7 | 4960.9
          Lair |   6.8 |   6.8 |  -nan |   0.0 |   2.6 | 11756.7
         Swamp |   2.8 |   2.8 |  -nan |   8.3 |   2.3 | 15560.5
   Spider Nest |   6.2 |   6.3 |  -nan |   0.0 |   4.0 | 27658.8
    Slime Pits |   2.2 |   2.2 |  -nan |   0.0 |   3.3 | 18110.6
  Orcish Mines |   3.4 |   3.3 |  -nan |  25.0 |   0.7 | 9304.5
   Elven Halls |   5.5 |   5.4 |  -nan |  12.5 |   6.0 | 54733.3
        Vaults |  13.6 |  13.5 |  -nan |  25.0 |  16.1 | 88381.8
         Crypt |   5.1 |   5.1 |  -nan |   0.0 |   5.8 | 52695.3
        Depths |  11.0 |  11.0 |  -nan |  12.5 |  16.3 | 89404.4
          Hell |   1.7 |   1.7 |  -nan |   0.0 |   1.5 | 41020.0
           Zot |   6.2 |   6.2 |  -nan |   0.0 |  17.3 | 94521.6
         Abyss |  14.4 |  14.4 |  -nan |   8.3 |  11.0 | 50040.5
   Pandemonium |   6.9 |   6.9 |  -nan |   8.3 |  10.0 | 45593.8
     Labyrinth |   0.1 |   0.1 |  -nan |   0.0 |   0.1 | 1770.0
         Sewer |   1.2 |   1.2 |  -nan |   0.0 |   0.0 | 477.0
      Ice Cave |   1.3 |   1.3 |  -nan |   0.0 |   0.4 | 10980.0
               +-------+-------+-------+-------+-------+----------------------
